 Dungeon Crawl Stone Soup version 0.21.1-1-g345015fe64 (webtiles) character file.

600 Fascinator the Firebug (level 7, -1/28 HPs)
             Began as a Felid Fire Elementalist on July 10, 2018.
             Slain by a wight
             ... wielding a +3 dire flail
              (9 damage)
             ... on level 6 of the Dungeon.
             The game lasted 00:31:00 (6400 turns).

Fascinator the Firebug (Felid Fire Elementalist)    Turns: 6400, Time: 00:31:00

Health: -1/28      AC:  2    Str:  4    XL:     7   Next: 18%
Magic:  4/15       EV: 20    Int: 18    God:
Gold:   298        SH:  0    Dex: 17    Spells: 5/16 levels left
                                        Lives:  0   Deaths: 2

rFire    . . .     SeeInvis +     - Unarmed
rCold    + . .     Gourm    .   (shield unavailable)
rNeg     + . .     Faith    .   (armour unavailable)
rPois    .         Spirit   .   (helmet unavailable)
rElec    +         Reflect  .   (cloak unavailable)
rCorr    .         Harm     .   (gloves unavailable)
MR       ++...                  (boots unavailable)
Stlth    +++.......             (no amulet)
HPRegen  0.09/turn              j - ring of positive energy (curse)
MPRegen  0.14/turn              v - ring of protection from cold

@: drained, quick
A: very small, no armour, no weapons or thrown items, stealth, claws 1, fangs 3,
see invisible, carnivore, speed 1, magic resistance 1, mutation resistance 1,
shaggy fur 2, electricity resistance, slow metabolism 1, sharp paws
a: no special abilities


You were on level 6 of the Dungeon.
You were not hungry.

You visited 1 branch of the dungeon, and saw 6 of its levels.

You collected 298 gold pieces.

Inventory:

Jewellery
 j - a cursed ring of positive energy (left paw)
 v - a ring of protection from cold (right paw)
Wands
 l - a wand of random effects (3)
 n - a wand of digging (13)
Scrolls
 d - 2 scrolls of fog {unknown}
 f - 2 scrolls of enchant armour {unknown}
 h - 7 scrolls of identify {unknown}
 i - 2 scrolls of remove curse {unknown}
 k - 4 scrolls of teleportation {unknown}
 m - a scroll of immolation {unknown}
 o - 2 scrolls of random uselessness {unknown}
 p - a scroll of magic mapping {unknown}
 w - a scroll of amnesia {unknown}
Potions
 c - a potion of flight
 e - 3 potions of lignification
 g - 2 potions of curing {unknown}
 q - a potion of mutation
 s - a potion of degeneration {unknown}
 u - a potion of brilliance {unknown}
 x - a potion of haste
Books
 a - a book of Flames

   Spells                             Type                      Level
   a - Flame Tongue                   Conjuration/Fire             1
   b - Throw Flame                    Conjuration/Fire             2
   c - Conjure Flame                  Conjuration/Fire             3
   d - Inner Flame                    Hexes/Fire                   3
   e - Sticky Flame                   Conjuration/Fire             4
   f - Fireball                       Conjuration/Fire             5
 r - a book of Cantrips

   Spells                             Type                      Level
   a - Confusing Touch                Hexes                        1
   b - Animate Skeleton               Necromancy                   1
   c - Summon Small Mammal            Summoning                    1
   d - Apportation                    Translocation                1
Comestibles
 b - 9 rations


   Skills:
 + Level 0.8(0.6) Fighting
 + Level 4.7(4.4) Dodging
 + Level 4.0(3.8) Stealth
 + Level 1.8(1.5) Unarmed Combat
 + Level 5.1(4.8) Spellcasting
 + Level 4.0(3.7) Conjurations
 + Level 0.1(0.0) Hexes
 + Level 5.4(5.1) Fire Magic
 + Level 0.2(0.0) Evocations


You had 5 spell levels left.
You knew the following spells:

 Your Spells              Type           Power        Failure   Level  Hunger
a - Flame Tongue          Conj/Fire      ###..        2%          1    None
b - Throw Flame           Conj/Fire      ###...       3%          2    #......
c - Inner Flame           Hex/Fire       ##......     14%         3    ###....
d - Fireball              Conj/Fire      ###.......   52%         5    ######.


Dungeon Overview and Level Annotations

Branches:
Dungeon (6/15)
 Temple: D:4-7

Altars:
Ashenzari
Cheibriados
Gozag
Nemelex Xobeh
Okawaru
Ru
Uskayaw
Zin

Shops:
D:4 (

Annotations:
D:1 1 runed door
D:3 Sigmund
D:6 ibnkola's ghost, novice MfGl


Innate Abilities, Weirdness & Mutations

You cannot wear armour.
You are incapable of wielding weapons or throwing items.
Your paws allow you to move quietly. (Stealth)
You have sharp claws.
You have razor-sharp teeth.
You have supernaturally acute eyesight. (SInv)
You are carnivorous and can eat meat at any time.
You cover ground quickly.
You are covered in thick fur. (AC +2)
You have a slow metabolism.
Your sharp claws are effective at attacking unaware monsters.
You are resistant to hostile enchantments. (MR+)
You are somewhat resistant to further mutation.
You are resistant to electric shocks. (rElec)


Message History

The wight completely misses you.
You scratch the wight but do no damage.
The wight is almost destroyed.
The wight completely misses you. The wight misses you.
You scratch the wight but do no damage. You bite the wight, but do no damage.
The wight is almost destroyed.
The wight misses you. x2; The wight completely misses you.
You barely miss the wight. Your bite misses the wight.
The wight is almost destroyed.
The wight closely misses you. The wight completely misses you.
You barely miss the wight.
The wight is almost destroyed.
The wight barely misses you.
You scratch the wight but do no damage.
The wight is almost destroyed.
The wight misses you. The wight completely misses you.
You scratch the wight but do no damage.
The wight is almost destroyed.
The wight hits you with an enchanted dire flail!
You die...

#........#..........
#....)...#.....#####
#........#.....#
#.....)..'....<#
#######..#.....#
##.....#..#.....#
.......+zz#.....'
.......#zz#.....#
.......##@#.....####
#'##...................
....'..#######.............
....#..#.....'.............
....#..#.....#.............
....#..##....#####.........
....#..##....# +.........
....#..##....# #.........
....#...'....# #.....###+


You could see 4 wights.

Vanquished Creatures
  Grinder (D:5)
  A sky beast (D:5)
  An ice beast (D:6)
  An ogre (D:3)
  A centaur (D:5)
  A water moccasin zombie (D:6)
  A crimson imp (D:6)
  3 hounds (D:4)
  2 jellies
  An orc wizard (D:4)
  2 iguanas (D:5)
  5 worker ants
  A hound skeleton (D:4)
  4 gnolls (D:6)
  A howler monkey skeleton (D:4)
  4 adders
  A shadow imp (D:5)
  An ooze (D:3)
  An adder skeleton (D:4)
  2 worms (D:2)
  2 dart slugs
  5 leopard geckos
  7 orcs
  4 ball pythons
  6 giant cockroaches
  4 goblins
  6 hobgoblins
  4 kobolds
  5 quokkas
  A ball python skeleton (D:4)
  2 bats (D:3)
  5 frilled lizards
  A quokka skeleton (D:6)
  A quokka zombie (D:6)
  9 rats
97 creatures vanquished.

Notes
Turn   | Place    | Note
-------+----------+-------------------------------------------
     0 | D:1      | Fascinator the Felid Fire Elementalist began the quest for the Orb.
     0 | D:1      | Reached XP level 1. HP: 7/7 MP: 4/4
     1 | D:1      | Found a runed door.
   387 | D:1      | Reached XP level 2. HP: 11/11 MP: 4/6
   391 | D:1      | Learned a level 2 spell: Throw Flame
  1144 | D:2      | Reached skill level 1 in Conjurations
  1297 | D:2      | Reached XP level 3. HP: 14/14 MP: 5/7
  1324 | D:2      | Gained mutation: You are resistant to electric shocks. (rElec) [potion of mutation]
  1324 | D:2      | Gained mutation: You are somewhat resistant to further mutation. [potion of mutation]
  1324 | D:2      | Gained mutation: You are resistant to hostile enchantments. (MR+) [potion of mutation]
  1396 | D:2      | Found an iron altar of Okawaru.
  2090 | D:2      | Learned a level 3 spell: Inner Flame
  2552 | D:3      | Noticed an ogre
  2612 | D:3      | Killed an ogre
  2612 | D:3      | Reached skill level 1 in Unarmed Combat
  2612 | D:3      | Reached XP level 4. HP: 18/18 MP: 0/9
  2612 | D:3      | Reached XP level 5. HP: 21/21 MP: 0/10
  2828 | D:3      | Noticed Sigmund
  2892 | D:3      | Found a shattered altar of Ashenzari.
  3284 | D:3      | Found a glowing silver altar of Zin.
  3284 | D:3      | Found an opulent altar of Gozag.
  3823 | D:4      | Found a hide-covered altar of Uskayaw.
  3823 | D:4      | Noticed a hand axe
  3825 | D:4      | Noticed a dagger
  3834 | D:4      | Gained mutation: You are covered in thick fur. (AC +2) [Felid growth]
  3834 | D:4      | Reached XP level 6. HP: 20/24 MP: 1/12
  4157 | D:4      | Learned a level 5 spell: Fireball
  4265 | D:4      | Found a sparkling altar of Nemelex Xobeh.
  4385 | D:4      | Found Lyli's Weapon Emporium.
  4386 | D:4      | Found a sacrificial altar of Ru.
  4424 | D:4      | Killed from afar by an orc wizard
  4425 | D:4      | Reached XP level 5. HP: -3/21 MP: 1/12
  4582 | D:5      | Entered Level 5 of the Dungeon
  4597 | D:5      | Noticed a sky beast
  4605 | D:5      | Killed a sky beast
  4605 | D:5      | Reached XP level 6. HP: 22/24 MP: 3/13
  5139 | D:5      | Noticed Grinder
  5153 | D:5      | Killed Grinder
  5153 | D:5      | Reached skill level 5 in Spellcasting
  5153 | D:5      | Reached XP level 7. HP: 17/28 MP: 1/15
  5605 | D:6      | Reached skill level 5 in Fire Magic
  5609 | D:6      | Noticed ibnkola's ghost (novice MfGl)
  5833 | D:6      | Killed from afar by a quokka
  5834 | D:6      | Reached XP level 6. HP: -6/25 MP: 7/14
  5990 | D:6      | Found a snail-covered altar of Cheibriados.
  6238 | D:6      | Noticed an ice beast
  6243 | D:6      | Killed an ice beast
  6243 | D:6      | Reached XP level 7. HP: 23/28 MP: 8/15
  6400 | D:6      | Slain by a wight

Skill      XL: |  1  2  3  4  5  6  7 |
---------------+----------------------+-----
Dodging        | 3 4 |  4.7
Fire Magic     | 3 4 5 |  5.4
Conjurations   | 1 3 4 |  4.0
Stealth        | 3 4 |  4.0
Unarmed Combat | 1 |  1.8
Spellcasting   | 3 5 |  5.1
Fighting       | |  0.8
Hexes          | |  0.1
Evocations     | |  0.2

Action                   |  1- 3 |  4- 6 |  7- 9 || total
-------------------------+-------+-------+-------++-------
Melee: Unarmed           |    46 |    33 |    21 ||   100
       Bite              |     5 |     4 |     2 ||    11
 Cast: Flame Tongue      |    35 |    91 |    23 ||   149
       Throw Flame       |    24 |    63 |    14 ||   101
       Inner Flame       |       |     1 |     4 ||     5
Evoke: Wand              |       |       |    13 ||    13
  Use: Potion            |     4 |       |       ||     4
 Stab: Sleeping          |     2 |       |       ||     2
  Eat: Chunk             |     3 |     5 |       ||     8
Armor: Skin              |     1 |     2 |     3 ||     6
Dodge: Dodged            |    39 |    83 |    56 ||   178
